 Dungeon Crawl Stone Soup version 0.28.0 (webtiles) character file.

Game seed: 17028994100862556140

224 bande the Covered (level 6, -9/38 HPs)
             Began as a Gargoyle Fighter on Feb 18, 2022.
             Mangled by an ogre (14 damage)
             ... on level 4 of the Dungeon.
             The game lasted 00:05:30 (3570 turns).

bande the Covered (Gargoyle Fighter)                Turns: 3570, Time: 00:05:31

Health: -9/38      AC: 13    Str: 20    XL:     6   Next: 0%
Magic:  6/6        EV:  9    Int: 14    God:
Gold:   187        SH:  4    Dex: 11    Spells: 5/5 levels left

rFire   . . .      SeeInvis .   a - +0 war axe
rCold   . . .      Faith    .   c - +0 buckler
rNeg    + . .      Spirit   .   b - +0 scale mail
rPois   ∞          Reflect  .   p - +0 helmet
rElec   +          Harm     .   (no cloak)
rCorr   .          Rampage  .   o - +0 pair of gloves
Will    .....                   (no boots)
Stlth   ..........              (no amulet)
HPRegen 0.12/turn               n - +6 ring of intelligence
MPRegen 0.10/turn               (no ring)

@: no status effects
A: sickness immunity, AC +4, negative energy resistance 1, electricity
resistance, torment resistance 1, petrification resistance
a: no special abilities


You were on level 4 of the Dungeon.
You visited 1 branch of the dungeon, and saw 4 of its levels.

You collected 187 gold pieces.

Inventory:

Hand Weapons
 a - a +0 war axe (weapon)
Armour
 b - a +0 scale mail (worn)
 c - a +0 buckler (worn)
 o - a +0 pair of gloves (worn)
 p - a +0 helmet (worn)
Jewellery
 n - a +6 ring of intelligence (left hand)
Wands
 k - a wand of digging (6)
 r - a wand of polymorph (9)
 s - a wand of iceblast (7)
Scrolls
 i - 2 scrolls of teleportation
Potions
 d - a potion of might
 e - a potion of curing
 f - 2 potions of attraction {unknown}
 g - 4 potions of heal wounds
 h - 2 potions of haste
 j - a potion of degeneration {unknown}
 l - a potion of berserk rage {unknown}
 m - a potion of invisibility {unknown}
 q - a potion of mutation {unknown}
 t - a potion of brilliance {unknown}


   Skills:
 + Level 4.0 Fighting
 + Level 3.5 Axes
 + Level 4.3 Armour
 - Level 0.2 Stealth
 + Level 4.0 Shields
 * Level 1.6 Evocations


You had 5 spell levels left.
You didn't know any spells.
Your spell library contained the following spells:

 Spells                   Type           Power      Damage    Failure   Level
 Foxfire                  Conj/Fire      0%         2x1d4     71%         1
 Conjure Flame            Conj/Fire      0%         6-21      97%         3
 Inner Flame              Hex/Fire       0%         N/A       97%         3
 Flame Wave               Conj/Fire      0%         2d4       100%        4
 Petrify                  Tmut/Erth      0%         N/A       100%        4
 Irradiate                Conj/Tmut      0%         3d14      100%        5
 Sublimation of Blood     Necr           Unusable   N/A       N/A         2

Dungeon Overview and Level Annotations

Branches:
Dungeon (4/15)
 Temple: D:4-7

Altars:
Sif Muna


Innate Abilities, Weirdness & Mutations

You are immune to sickness and miasma.
Your stone body is resilient. (AC +4)
You are immune to poison.
You resist negative energy. (rN+)
You are resistant to electric shocks. (rElec)
You are resistant to unholy torment.
You are immune to petrification.


Message History

No target in view!
No target in view!
No target in view!
No target in view!
No target in view!
HP restored.
You see here a +0 whip.
You now have 174 gold pieces (gained 11).
s - a wand of iceblast (7)
A giant cockroach comes into view.
A giant cockroach is nearby!
Found a leather armour.
The giant cockroach bites you but does no damage.
You slash the giant cockroach!
You kill the giant cockroach!
You have reached level 6!
t - a sedimented orange potion You now have 187 gold pieces (gained 13).
An iguana comes into view.
An ogre comes into view. It is wielding a +0 giant club.
You block the iguana's attack.
You slash the iguana!
The iguana is heavily wounded.
The iguana bites you. The iguana closely misses you.
You hit the iguana.
The iguana is almost dead.
You block the iguana's attack.
An ogre opens the door.
You barely miss the iguana.
The iguana is almost dead.
The iguana closely misses you.
You hit the iguana.
The iguana is almost dead.
You closely miss the ogre.
The ogre hits you with a +0 giant club!!
Ouch! That really hurt!
The iguana bites you but does no damage.
The iguana bites you!
* * * LOW HITPOINT WARNING * * *
The ogre hits you with a +0 giant club!
You die...

### ## #.# #. ... #. #.### #.
#...# ### #.#############.#.#
.....#'#................
......l@................
......O.................
........................
...............##...#####
.........#......##........
#...........#......##........
#...........#......##........
#...........#................
+...^........................


You could see an ogre and an iguana.

Vanquished Creatures
  A necrophage (D:4)
  An iguana (D:4)
  2 adders
  A dart slug (D:2)
  6 orcs
  5 bats
  6 endoplasms
  6 giant cockroaches
  5 goblins
  7 hobgoblins
  4 quokkas (D:2)
  7 ball pythons
  5 frilled lizards
  11 kobolds
  12 rats
79 creatures vanquished.

Vanquished Creatures (others)
  62 plants (D:2)
62 creatures vanquished.

Grand Total: 141 creatures vanquished

Notes
Turn   | Place    | Note
-------+----------+-------------------------------------------
     0 | D:1      | bande the Gargoyle Fighter began the quest for the Orb.
     0 | D:1      | Reached XP level 1. HP: 14/14 MP: 1/1
   136 | D:1      | Reached XP level 2. HP: 19/19 MP: 2/2
   589 | D:1      | Reached XP level 3. HP: 21/23 MP: 3/3
   969 | D:2      | Identified the +4 dagger of Jaos {vorpal, rC+ Will+}
  1071 | D:2      | Found a faded altar of an unknown god.
  1379 | D:2      | Found a shimmering blue altar of Sif Muna.
  1763 | D:2      | Reached XP level 4. HP: 28/28 MP: 4/4
  2731 | D:3      | Reached skill level 1 in Evocations
  3030 | D:4      | Reached XP level 5. HP: 31/33 MP: 5/5
  3249 | D:4      | Noticed a necrophage
  3262 | D:4      | Killed a necrophage
  3543 | D:4      | Reached XP level 6. HP: 38/38 MP: 6/6
  3570 | D:4      | Mangled by an ogre

Illustrated notes

Levels and vault maps discovered:
D:1:      dpeg_arrival_ratfight, layout_rooms, due_unseen_surprise
D:2:      wad_woods_stonehenge, layout_basic, ebering_ecumenical_altar_mist
D:3:      layout_loops_ring
D:4:      minmay_bubble_buster, layout_basic, elyvilon_altar_1,
          minmay_temple_entry_crystal_x, kennysheep_generic_room_3

Skill      XL: |  1  2  3  4  5 |
---------------+----------------+-----
Axes           | 2 3 |  3.5
Evocations     | 1 |  1.6
Armour         | 4 |  4.3
Fighting       | 4 |  4.0
Shields        | 4 |  4.0
Stealth        | |  0.2

Action                   |  1- 3 |  4- 6 || total
-------------------------+-------+-------++-------
Melee: War axe           |   121 |    85 ||   206
       Unarmed           |       |     1 ||     1
Evoke: Wand              |     1 |       ||     1
  Use: Scroll            |     4 |     3 ||     7
Armor: Scale mail        |    75 |    45 ||   120
Dodge: Dodged            |    55 |    50 ||   105
Block: Buckler           |    27 |    19 ||    46
